 Dungeon Crawl Stone Soup version 0.29-a0-620-g13ace881f2 (webtiles) character file.

Game seed: 6781732836193892629

2065 porpoise the Spear-Bearer (level 9, -3/72 HPs)
             Began as a Merfolk Fighter on June 18, 2022.
             Was an Initiate of Yredelemnul.
             Slain by a killer bee (6 damage)
             ... on level 7 of the Dungeon on June 19, 2022.
             The game lasted 00:37:26 (7729 turns).

porpoise the Spear-Bearer (Merfolk Fighter)         Turns: 7729, Time: 00:37:28

Health: -3/72      AC:  7    Str: 22    XL:     9   Next: 26%
Magic:  10/10      EV: 15    Int:  8    God:    Yredelemnul [......]
Gold:   958        SH:  6    Dex: 16    Spells: 8/8 levels left

rFire   . . .      SeeInvis .   a - +1 trident
rCold   . . .      Faith    .   c - +1 buckler
rNeg    + . .      Spirit   .   r - +2 leather armour of Hinur {+Inv Regen+ rCorr Str+2}
rPois   +          Reflect  .   (no helmet)
rElec   .          Harm     .   (no cloak)
rCorr   +          Rampage  .   y - +1 pair of gloves {Dex+3}
Will    .....                   (no boots)
Stlth   +.........              F - amulet of regeneration
HPRegen 1.82/turn               D - ring of poison resistance
MPRegen 0.12/turn               t - ring of positive energy

@: lethally poisoned (-3 -> -4)
A: (nimble swimmer 2), mertail
a: Renounce Religion, Evoke Invisibility, Recall Undead Harvest


You were on level 7 of the Dungeon.
You worshipped Yredelemnul.
Yredelemnul was noncommittal.
You visited 2 branches of the dungeon, and saw 8 of its levels.

You collected 1310 gold pieces.
You spent 352 gold pieces at shops.

Inventory:

Hand Weapons
 a - a +1 trident (weapon)
 b - a +0 hunting sling of freezing
 n - a +2 short sword of venom
 v - the +5 great sword of the Briny Deep {protect, Fragile rPois rN++ Dex+4}
   (You found it on level 3 of the Dungeon)

   It grants its wielder temporary protection when it strikes (+7 to AC).
   Dex:       It affects your dexterity (+4).
   rPois:     It protects you from poison.
   rN:        It greatly protects you from negative energy.
   Fragile:   It will be destroyed if unequipped.
 w - a +1 spear of venom
Missiles
 g - 11 poisoned darts (quivered)
 J - 2 curare-tipped darts
Armour
 c - a +1 buckler (worn)
 r - the +2 leather armour of Hinur (worn) {+Inv Regen+ rCorr Str+2}
   (You bought it in a shop on level 2 of the Dungeon)

   Str:       It affects your strength (+2).
   +Inv:      It lets you turn invisible.
   Regen:     It increases your rate of health regeneration.
   rCorr:     It protects you from acid and corrosion.
 y - a +1 pair of gloves of dexterity (worn)
Jewellery
 f - a ring of resist corrosion
 t - a ring of positive energy (right hand)
 C - a ring of protection from cold
 D - a ring of poison resistance (left hand)
 F - an amulet of regeneration (around neck)
 I - a ring of protection from fire
Wands
 h - a wand of polymorph (9)
 z - a wand of iceblast (8)
 G - a wand of mindburst (7)
Scrolls
 e - a scroll of identify
 k - 2 scrolls of enchant armour
 l - 4 scrolls of fear
 m - 4 scrolls of teleportation {unknown}
 A - a scroll of enchant weapon
 B - a scroll of torment
 E - a scroll of amnesia {unknown}
 H - a scroll of poison {unknown}
Potions
 d - 3 potions of might
 i - 4 potions of heal wounds
 o - 2 potions of mutation
 p - 2 potions of curing
 q - a potion of brilliance
 s - 2 potions of haste
 u - 3 potions of lignification
 x - a potion of attraction


   Skills:
 - Level 7.0 Fighting
 * Level 11.3 Polearms
 + Level 2.6 Armour
 - Level 7.0 Dodging
 - Level 3.0 Shields
 + Level 1.8 Invocations


You had 8 spell levels left.
You didn't know any spells.
Your spell library contained the following spells:

 Spells                   Type           Power      Damage    Failure   Level
 Magic Dart               Conj           0%         1d3       54%         1
 Poisonous Vapours        Pois/Air       0%         N/A       69%         2
 Searing Ray              Conj           0%         2d4       69%         2
 Sublimation of Blood     Necr           0%         N/A       69%         2
 Wereblood                Tmut           0%         N/A       69%         2
 Confusing Touch          Hex            0%         N/A       89%         3
 Frozen Ramparts          Ice            0%         1d2       89%         3
 Summon Guardian Golem    Hex/Summ       0%         N/A       89%         3
 Corpse Rot               Necr/Pois/Air  0%         N/A       100%        4
 Fulminant Prism          Conj/Hex       0%         3d6       100%        4
 Ice Form                 Ice/Tmut       0%         N/A       100%        4
 Summon Ice Beast         Ice/Summ       0%         N/A       100%        4
 Yara's Violent Unravell  Hex/Tmut       0%         3d3       100%        5
 Enfeeble                 Hex            0%         N/A       100%        7
 Orb of Destruction       Conj           0%         9d5       100%        7
 Spellforged Servitor     Conj/Summ      0%         N/A       100%        7
 Summon Hydra             Summ           0%         N/A       100%        7


Dungeon Overview and Level Annotations

Branches:
Dungeon (7/15)             Temple (1/1) D:5

Altars:
Cheibriados
Kikubaaqudgha
Makhleb
Okawaru
Ru
Vehumet
Xom
Yredelemnul
Zin

Shops:
D:2 [   D:3 ([   D:4 (   D:5 (

Annotations:
D:6 2 transporters, samgaumpmail's ghost, novice MiBe


Innate Abilities, Weirdness & Mutations

((You are very nimble when in or above water. (Stealth+, EV+, Speed+++)))
Your lower body shifts to a powerful aquatic tail in water.


Message History

The killer bee closely misses you.
You closely miss the killer bee.
The killer bee is almost dead.
You feel very sick.
Something closely misses the killer bee.
You block the killer bee's attack. The killer bee stings you.
The killer bee stings you but does no damage.
The killer bee barely misses you. The killer bee stings you.
You are more poisoned.
The killer bee poisons you! The killer bee misses you.
You puncture the killer bee!
You kill the killer bee!
The dead are flying!
You feel very sick.
The killer bee stings you but does no damage.
The killer bee stings you.
* * * LOW HITPOINT WARNING * * *
The white imp grinds its teeth.
The killer bee completely misses you.
The killer bee stings you but does no damage.
Okay, then.
As you read the scroll labelled UXACINYNEOL, it crumbles to dust.
It is a scroll of enchant armour.
Your +0 buckler glows green for a moment.
You feel very sick.
Something completely misses the killer bee.
You block the killer bee's attack. The killer bee stings you!
* * * LOW HITPOINT WARNING * * *
The white imp gestures at you. The puff of frost hits you.
* * * LOW HITPOINT WARNING * * *
The killer bee stings you but does no damage.
The killer bee barely misses you.
As you read the scroll labelled OVA LOMNEDI, it crumbles to dust.
You feel aware of your surroundings.
It was a scroll of magic mapping.
You feel very sick.
Your killer bee zombie hits the white imp but does no damage.
Something hits the killer bee!
The killer bee stings you.
You die...
Your body rises from the dead as a mindless zombie.

****#..........# ,,,,*#...##....#
,,,,*#...##...## ,,,,,#........##
,,,*##.........# ****#..........#
#.#####....#
##...####'#######***#
#....##...##@#..#...#***
##....#...Z5yyy......,,*
##....#..............*,******
#.....#..............,,,,,,,,
#.....#......##.....#*******,
##...##......#*......,,,,,,,,
#....##.......,......******,,
#####....##......##,.....,,,,,,,,
....##...##......#*,.....,****,,,


You could see 3 killer bees, a white imp and a friendly killer bee zombie.

Vanquished Creatures
  Sigmund (D:6)
  Menkaure (D:4)
  2 sky beasts
  An ogre (D:5)
  A centaur (D:6)
  3 phantoms
  A bullfrog (D:7)
  2 necrophages
  2 scorpions
  2 killer bees (D:7)
  A howler monkey (D:5)
  3 hounds
  An orc priest (D:6)
  A jelly (D:6)
  Jessica (D:2)
  3 iguanas
  Natasha (thrice) (D:2)
  4 orc wizards
  6 gnolls
  12 adders
  A shadow imp (D:5)
  An ufetubus (D:5)
  2 worms
  2 dart slugs (D:3)
  10 orcs
  8 bats
  6 endoplasms
  5 giant cockroaches
  14 hobgoblins
  12 jackals
  5 quokkas
  12 ball pythons
  2 frilled lizards
  7 goblins
  8 kobolds
  4 rats
150 creatures vanquished.

Vanquished Creatures (collateral kills)
  An orc wizard (D:7)
  An orc (D:7)
2 creatures vanquished.

Vanquished Creatures (others)
  A bullfrog zombie (D:7)
  A sky beast zombie (D:7)
  A human zombie (D:6)
  2 orc zombies
  A jackal (D:5)
  2 jackal zombies (D:5)
  2 plants (D:2)
10 creatures vanquished.

Grand Total: 162 creatures vanquished

Notes
Turn   | Place    | Note
-------+----------+-------------------------------------------
     0 | D:1      | porpoise the Merfolk Fighter began the quest for the Orb.
     0 | D:1      | Reached XP level 1. HP: 18/18 MP: 1/1
    54 | D:1      | Reached skill level 3 in Polearms
   145 | D:1      | Reached XP level 2. HP: 23/24 MP: 2/2
   171 | D:1      | Reached skill level 1 in Dodging
   556 | D:1      | Upgraded the game from 0.29-a0-617-g7a6b98fccd to
                  | 0.29-a0-620-g13ace881f2
   791 | D:1      | Found a faded altar of an unknown god.
   878 | D:2      | Reached XP level 3. HP: 27/29 MP: 3/3
   949 | D:2      | Noticed Natasha
   956 | D:2      | Killed Natasha
   957 | D:2      | Reached skill level 4 in Polearms
  1274 | D:2      | Noticed Jessica
  1278 | D:2      | Killed Jessica
  1279 | D:2      | Reached XP level 4. HP: 30/37 MP: 4/4
  1432 | D:2      | Noticed Natasha
  1493 | D:2      | Killed Natasha
  1494 | D:2      | Reached skill level 5 in Polearms
  1633 | D:2      | Reached XP level 5. HP: 35/42 MP: 5/5
  1926 | D:2      | Found Icwyhugo's Antique Armour Shoppe.
  2112 | D:2      | Noticed Natasha
  2143 | D:2      | Killed Natasha
  2567 | D:3      | Found Xisetauss's Antique Armour Shoppe.
  2668 | D:3      | Found a snail-covered altar of Cheibriados.
  2678 | D:3      | Found a shimmering altar of Xom.
  2750 | D:3      | Identified the +5 great sword of the Briny Deep {protect,
                  | Fragile rPois rN++ Dex+4}
  2800 | D:3      | Reached XP level 6. HP: 39/49 MP: 6/6
  2869 | D:3      | Found Tick's Weapon Shoppe.
  2906 | D:3      | Reached skill level 6 in Polearms
  3868 | D:4      | Found Omyhom's Weapon Shop.
  4204 | D:4      | Reached skill level 5 in Fighting
  4310 | D:4      | Reached skill level 7 in Polearms
  4466 | D:4      | Reached XP level 7. HP: 56/56 MP: 7/7
  4663 | D:4      | Noticed Menkaure
  4671 | D:4      | Killed Menkaure
  5051 | D:4      | Reached skill level 8 in Polearms
  5051 | D:4      | Reached skill level 5 in Dodging
  5429 | D:5      | Entered Level 5 of the Dungeon
  5429 | D:5      | Found Utro's Antique Weapon Boutique.
  5561 | D:5      | Identified a scroll of acquirement
  5561 | D:5      | Acquired 1099 gold pieces
  5687 | D:2      | Bought a crude leather armour for 140 gold pieces
  5687 | D:2      | Identified the +2 leather armour of Hinur {+Inv Regen+
                  | rCorr Str+2} (You bought it in a shop on level 2 of the
                  | Dungeon)
  5798 | D:3      | Bought a pair of glowing gloves for 165 gold pieces
  5916 | D:5      | Reached XP level 8. HP: 64/64 MP: 8/8
  6255 | D:5      | Found a staircase to the Ecumenical Temple.
  6267 | Temple   | Entered the Ecumenical Temple
  6392 | Temple   | Became a worshipper of Yredelemnul the Dark
  6721 | D:5      | Reached skill level 9 in Polearms
  7020 | D:4      | Bought a +0 hunting sling of freezing for 47 gold pieces
  7140 | D:6      | Noticed Sigmund
  7149 | D:6      | Killed Sigmund
  7157 | D:6      | Reached skill level 10 in Polearms
  7209 | D:6      | Reached * piety under Yredelemnul
  7230 | D:6      | Your ally Sigmund died
  7263 | D:6      | Reached XP level 9. HP: 68/72 MP: 9/9
  7399 | D:6      | Found a transporter.
  7399 | D:6      | Noticed samgaumpmail's ghost (novice MiBe)
  7482 | D:6      | Found a transporter.
  7584 | D:7      | Reached skill level 11 in Polearms
  7584 | D:7      | Reached skill level 1 in Invocations
  7729 | D:7      | HP: 3/72 [poisoned by a killer bee]
  7729 | D:7      | Slain by a killer bee

Illustrated notes

Levels and vault maps discovered:
D:1:      onia_arrival_pyramid, layout_basic,
          shapermc_ecumenical_altar_mp_vishouse, lemuel_old_faithful
D:2:      layout_rooms, serial_shops, shop, grunt_decor_resistance,
          minivault_25, hangedman_decor_lopped, minmay_misc_feat_diagonals,
          corexii_shack, nicolae_elevator_lobby_plus, uniq_jessica, uniq_natasha
D:3:      layout_basic, minitemple, serial_shops,
          nicolae_shop_competitors_out_of_business, nicolae_diamond_shop
D:4:      layout_basic, nicolae_wooded_promenade, minmay_snake_closets,
          uniq_menkaure
D:5:      layout_gridville, minmay_temple_entry_wispy, serial_shops, shop,
          kennysheep_nondescript
D:6:      layout_basic, gammafunk_ghost_arena, minmay_chambers_of_fives,
          uniq_sigmund
D:7:      layout_gridville, minmay_misc_feat_more_columns, minmay_lizard_king
Temple:   mainiacjoe_temple_cubbyholes

Skill      XL: |  1  2  3  4  5  6  7  8  9 |
---------------+----------------------------+-----
Polearms       | 3 4 5 7 8 10 11 | 11.3
Dodging        | 1 2 3 4 5 7 |  7.0
Fighting       | 4 5 7 |  7.0
Invocations    | 1 |  1.8
Armour         | |  2.6
Shields        | |  3.0

Action                   |  1- 3 |  4- 6 |  7- 9 || total
-------------------------+-------+-------+-------++-------
Melee: Trident           |    86 |   218 |   302 ||   606
       Unarmed           |       |     5 |       ||     5
       Hunting sling     |       |       |     1 ||     1
 Fire: Hunting sling     |       |    15 |    20 ||    35
Throw: Dart              |       |     9 |     8 ||    17
  Use: Scroll            |       |     6 |     7 ||    13
       Potion            |       |     3 |     2 ||     5
 Stab: Distracted        |       |       |     2 ||     2
       Sleeping          |       |       |     1 ||     1
Armor: Scale mail        |    20 |       |       ||    20
       Ring mail         |    13 |    39 |     9 ||    61
       Skin              |       |     7 |       ||     7
       Leather armour    |       |       |    72 ||    72
Dodge: Dodged            |    30 |   102 |   177 ||   309
Block: Buckler           |    16 |    27 |    60 ||   103

Table legend: (Time is in decaauts)
 A = Elapsed time spent in this place.
 B = Non-inter-level travel time spent in this place.
 C = Inter-level travel time spent in this place.
 D = Time resting spent in this place.
 E = Time spent auto-exploring this place.
 F = Levels seen in this place.
 G = Mean time per level.
                   A        B        C        D        E       F      G
               +--------+--------+--------+--------+--------+-----+--------+
         Total |   7730 |   7225 |    505 |   2264 |   3513 |   8 |  966.2 |
       Dungeon |   7527 |   7099 |    428 |   2264 |   3396 |   7 | 1075.3 |
        Temple |    202 |    125 |     77 |      0 |    117 |   1 |  202.0 |
               +--------+--------+--------+--------+--------+-----+--------+

Top non-repeatable levels by time:
     D:4: 2499 daAuts
     D:2: 1742 daAuts
     D:5: 964 daAuts
     D:1: 879 daAuts
     D:3: 785 daAuts
     D:6: 502 daAuts
  Temple: 202 daAuts
     D:7: 154 daAuts
